 Dungeon Crawl Stone Soup version 0.28-a0-957-g42eb19b844 (webtiles) character file.

Game seed: 13732140382482938492

144 kae the Distorting Demonspawn (level 5, -4/42 HPs)
             Began as a Demonspawn Abyssal Knight on Nov 30, 2021.
             Was a Believer of Lugonu.
             Slain by a gnoll (12 damage)
             ... on level 4 of the Dungeon.
             The game lasted 00:02:26 (3660 turns).

kae the Distorting Demonspawn (DsAK)                Turns: 3660, Time: 00:02:27

Health: -4/42      AC:  4    Str: 15      XL:     5   Next: 5%
Magic:  6/8        EV: 11    Int: 13 (14) God:    Lugonu [**....]
Gold:   173        SH:  0    Dex: 11 (13) Spells: 4/4 levels left

rFire   . . .      SeeInvis .   a - +1 mace
rCold   . . .      Faith    .   (no shield)
rNeg    . . .      Spirit   .   b - +0 leather armour
rPois   .          Reflect  .   (helmet restricted)
rElec   .          Harm     .   (no cloak)
rCorr   .          Rampage  .   (no gloves)
Will    .....                   h - +0 pair of boots
Stlth   +.........              (no amulet)
HPRegen 0.14/turn               (no ring)
MPRegen 0.11/turn               (no ring)

@: hasted, very quick
A: claws 1, hooves 1, horns 1, powered by death 1, clever 1, sense surroundings
1, subdued magic 1
a: Renounce Religion, Depart the Abyss, Bend Space


You were on level 4 of the Dungeon.
You worshipped Lugonu.
Lugonu was pleased with you.
You visited 1 branch of the dungeon, and saw 4 of its levels.
You visited the Abyss 1 time.

You collected 194 gold pieces.
You spent 21 gold pieces at shops.

Inventory:

Hand Weapons
 a - a +1 mace (weapon)
Armour
 b - a +0 leather armour (worn)
 h - a +0 pair of boots (worn)
Jewellery
 d - a +4 ring of slaying
Scrolls
 c - a scroll of amnesia
 g - a scroll of enchant weapon {unknown}
 i - 5 scrolls of enchant armour
Potions
 e - 2 potions of haste
 f - a potion of brilliance
 j - a potion of degeneration


   Skills:
 + Level 3.8 Fighting
 - Level 2.1 Maces & Flails
 - Level 1.7 Armour
 - Level 0.8 Dodging
 * Level 2.6 Unarmed Combat
 + Level 4.0 Invocations


You had 4 spell levels left.
You didn't know any spells.
Your spell library was empty.

Dungeon Overview and Level Annotations

Branches:
Dungeon (4/15)
 Temple: D:4-7

Altars:

Shops:
D:1 *   D:2 (

Annotations:
D:3 Grinder, Sigmund


Innate Abilities, Weirdness & Mutations

You have sharp fingernails.
You have large cloven feet.
You have a pair of small horns on your head.
You regenerate a little health from kills.
Your mind is acute. (Int +2)
You passively map a small area around you.
Your spells are a little easier to cast, but a little less powerful.


Message History

The gnoll hits you but does no damage.
A gnoll comes into view. It is wielding a +0 spear.
You hit the gnoll.
The gnoll is moderately wounded.
The gnoll hits you with a +0 whip. x2
You barely miss the gnoll.
The gnoll is moderately wounded.
The gnoll closely misses you.
You hit the gnoll.
The gnoll is severely wounded.
The gnoll hits you with a +0 whip!
A gnoll comes into view. It is wielding a +0 flail.
You are too injured to fight recklessly!
You are too injured to fight recklessly!
You are too injured to fight recklessly!
You are too injured to fight recklessly!
The gnoll shouts!
You hit the gnoll but do no damage.
The gnoll is severely wounded.
The gnoll hits you with a +0 whip. x2
You hit the gnoll.
The gnoll is almost dead.
The gnoll hits you with a +0 whip.
You barely miss the gnoll. Your headbutt misses the gnoll.
The gnoll is almost dead.
The gnoll hits you with a +0 whip. The gnoll barely misses you.
You barely miss the gnoll. You headbutt the gnoll.
You kill the gnoll!
Lugonu accepts your kill.
The gnoll hits you from afar with a +0 spear!
* * * LOW HITPOINT WARNING * * *
Your Invocations skill increases to level 4!
You have reached level 5!
Your demonic ancestry asserts itself...
A wave of death washes over you.
Okay, then.
Okay, then.
You feel yourself speed up. The gnoll barely misses you.
The gnoll hits you with a +0 flail!
You die...

#.........#.#.#.#,
#.####.####.#.#.#, ##########.#
#.####.#.#.# * #.......##.#
#........#.#,* ##.......##.#
######'###.# .........+..#
#..(.....#.# * #........#..#
#........#.# ............#
#........#.# * *
....#######.####@..[....#.# ,
...†# #....g#####.###.####*
).).###########g#####.)......# *
....................##....##.#
...#.########.......##.†..# .#
####..#.#####.......##....##.###
...............................,
..###.#.####..#'#####........#
#.# ...# #.................#


You could see 2 gnolls.

Vanquished Creatures
  A jelly (D:4)
  A gnoll (D:4)
  An adder (D:3)
  An ufetubus (D:4)
  A dart slug (D:4)
  An orc (D:3)
  8 endoplasms
  6 giant cockroaches
  6 hobgoblins
  3 jackals (D:3)
  3 quokkas
  9 ball pythons
  2 bats
  5 frilled lizards
  18 goblins
  9 kobolds
  9 rats
84 creatures vanquished.

Vanquished Creatures (others)
  A plant (D:2)
1 creature vanquished.

Grand Total: 85 creatures vanquished

Notes
Turn   | Place    | Note
-------+----------+-------------------------------------------
     0 | Abyss:1  | kae the Demonspawn Abyssal Knight began the quest for the
                  | Orb.
     0 | Abyss:1  | Reached XP level 1. HP: 18/18 MP: 2/2
    49 | Abyss:1  | Noticed a bone dragon
    54 | D:1      | Escaped the Abyss
   318 | D:1      | Found Zoidid's Assorted Antiques.
   323 | D:1      | Bought a blue potion for 21 gold pieces
   497 | D:1      | Discovered your monstrous ancestry.
   497 | D:1      | Gained mutation: You have sharp fingernails. [demonic
                  | ancestry]
   497 | D:1      | Reached XP level 2. HP: 24/24 MP: 4/4
   547 | D:1      | Reached * piety under Lugonu
   930 | D:1      | Reached skill level 3 in Invocations
  1138 | D:2      | Reached skill level 1 in Unarmed Combat
  1361 | D:2      | Gained mutation: You have large cloven feet. [demonic
                  | ancestry]
  1361 | D:2      | Reached XP level 3. HP: 29/29 MP: 5/5
  1625 | D:2      | Found a faded altar of an unknown god.
  1661 | D:2      | Found Caukiamu's Weapon Boutique.
  1768 | D:2      | Gained mutation: Your spells are a little easier to cast,
                  | but a little less powerful. [potion of mutation]
  1768 | D:2      | Gained mutation: You passively map a small area around you.
                  | [potion of mutation]
  1768 | D:2      | Gained mutation: Your mind is acute. (Int +2) [potion of
                  | mutation]
  1772 | D:2      | Reached ** piety under Lugonu
  2358 | D:3      | Gained mutation: You have a pair of small horns on your
                  | head. [demonic ancestry]
  2358 | D:3      | Reached XP level 4. HP: 34/35 MP: 6/6
  2374 | D:3      | Noticed Grinder
  2379 | D:3      | Paralysed by Grinder for 3 turns
  2416 | D:3      | Paralysed by Grinder for 4 turns
  3203 | D:3      | Noticed Sigmund
  3660 | D:4      | Reached skill level 4 in Invocations
  3660 | D:4      | Gained mutation: You regenerate a little health from kills.
                  | [demonic ancestry]
  3660 | D:4      | Reached XP level 5. HP: 8/42 MP: 6/8
  3660 | D:4      | Slain by a gnoll

Illustrated notes

Levels and vault maps discovered:
D:1:      minmay_arrival_hallway, layout_basic, serial_shops, shop,
          kennysheep_nondescript, hangedman_decor_diamond_cutter,
          minmay_misc_feat_tiny
D:2:      cheibrodos_greedy_goblins, layout_basic, serial_shops,
          nicolae_shop_trees, dreamdust_ecumenical_altar_grove,
          grunt_decor_clamped
D:3:      layout_basic, minmay_liquid_box, uniq_sigmund, uniq_grinder
D:4:      layout_basic

Skill      XL: |  1  2  3  4 |
---------------+-------------+-----
Maces & Flails | 2 |  2.1
Invocations    | 3 4 |  4.0
Unarmed Combat | 1 2 |  2.6
Fighting       | |  3.8
Armour         | |  1.7
Dodging        | |  0.8

Action                   |  1- 3 |  4- 6 || total
-------------------------+-------+-------++-------
Melee: Mace              |   145 |    74 ||   219
       Punch             |     1 |     1 ||     2
       Headbutt          |       |    11 ||    11
Invok: Depart the Abyss  |     1 |       ||     1
  Use: Scroll            |     3 |     1 ||     4
       Potion            |     3 |     1 ||     4
Armor: Leather armour    |    56 |    25 ||    81
Dodge: Dodged            |    94 |    47 ||   141

Table legend: (Time is in decaauts)
 A = Elapsed time spent in this place.
 B = Non-inter-level travel time spent in this place.
 C = Inter-level travel time spent in this place.
 D = Time resting spent in this place.
 E = Time spent auto-exploring this place.
 F = Levels seen in this place.
 G = Mean time per level.
                   A        B        C        D        E       F      G
               +--------+--------+--------+--------+--------+-----+--------+
         Total |   3726 |   3548 |    178 |    604 |   2328 |   5 |  745.2 |
       Dungeon |   3672 |   3494 |    178 |    604 |   2282 |   4 |  918.0 |
         Abyss |     54 |     54 |      0 |      0 |     46 |   1 |   54.0 |
               +--------+--------+--------+--------+--------+-----+--------+

Top non-repeatable levels by time:
     D:2: 1456 daAuts
     D:1: 1226 daAuts
     D:3: 531 daAuts
     D:4: 458 daAuts
 Abyss:1: 54 daAuts
